 Dungeon Crawl Stone Soup version 0.28.0-53-g5a82cb258f (webtiles) character file.

Game seed: 5666880798637509530

127 hawla the Firebug (level 4, -1/18 HPs)
             Began as a Felid Fire Elementalist on May 22, 2022.
             Slain by a gnoll
             ... wielding a +0 spear
              (5 damage)
             ... on level 4 of the Dungeon.
             The game lasted 00:08:32 (3814 turns).

hawla the Firebug (Felid Fire Elementalist)         Turns: 3814, Time: 00:08:33

Health: -1/18      AC:  5    Str:  4    XL:     4   Next: 85%
Magic:  5/10       EV: 17    Int: 19    God:
Gold:   118        SH:  0    Dex: 16    Spells: 2/9 levels left
                                        Lives:  0   Deaths: 1

rFire   . . .      SeeInvis +     - Unarmed
rCold   . . .      Faith    .   (shield unavailable)
rNeg    . . .      Spirit   .   (armour unavailable)
rPois   .          Reflect  .   (helmet unavailable)
rElec   .          Harm     .   (cloak unavailable)
rCorr   .          Rampage  .   (gloves unavailable)
Will    .....                   (boots unavailable)
Stlth   +++.......              (no amulet)
HPRegen 0.06/turn               h - +4 ring of protection
MPRegen 0.12/turn               (no ring)

@: very slightly contaminated, quick
A: very small, claws 1, fangs 3, see invisible, speed 1, shaggy fur 1, stealthy
paws, no weapons or thrown items, no armour, multi-lived
a: no special abilities


You were on level 4 of the Dungeon.
You visited 2 branches of the dungeon, and saw 5 of its levels.

You collected 118 gold pieces.

Inventory:

Jewellery
 c - an amulet of faith
 h - a +4 ring of protection (left paw)
Scrolls
 a - a scroll of noise {unknown}
Potions
 b - 2 potions of haste
 d - a potion of brilliance {unknown}
 e - a potion of berserk rage {unknown}
 f - a potion of curing
 i - a potion of invisibility {unknown}


   Skills:
 + Level 0.1 Fighting
 + Level 3.1 Dodging
 - Level 3.8 Stealth
 + Level 2.1 Unarmed Combat
 - Level 3.3 Spellcasting
 * Level 1.6 Conjurations
 + Level 3.9 Fire Magic


You had 2 spell levels left.
You knew the following spells:

 Your Spells              Type           Power      Damage    Failure   Level
a - Foxfire               Conj/Fire      52%        2x1d6     4%          1
b - Scorch                Fire           36%        2d6       4%          2
c - Flame Wave            Conj/Fire      13%        2d6       43%         4

Your spell library contained the following spells:

 Spells                   Type           Power      Damage    Failure   Level
 Conjure Flame            Conj/Fire      13%        6-21      14%         3
 Inner Flame              Hex/Fire       10%        N/A       21%         3
 Confusing Touch          Hex            3%         N/A       41%         3
 Malign Gateway           Summ/Tloc      1%         N/A       100%        7


Dungeon Overview and Level Annotations

Branches:
Dungeon (4/15)             Temple (1/1) D:4

Altars:
Cheibriados
Dithmenos
Elyvilon
Okawaru
Qazlal
Ru
Sif Muna
Wu Jian
Yredelemnul
Zin
Lugonu

Shops:
D:2 *

Annotations:
D:3 dig the books


Innate Abilities, Weirdness & Mutations

You have sharp claws.
You have razor-sharp teeth.
You have supernaturally acute eyesight. (SInv)
You cover ground quickly. (Speed+)
You are covered in fur. (AC +1)
Your paws help you pounce on unaware monsters.
You are incapable of wielding weapons or throwing items.
You cannot wear armour.
You gain extra lives every three experience levels.


Message History

The gnoll is lightly wounded.
The gnoll hits you but does no damage.
The foxfire hits the gnoll but does no damage.
The gnoll is lightly wounded.
The gnoll hits the bush but does no damage.
The gnoll is no longer more vulnerable to fire.
There is a staircase to the Ecumenical Temple here.
You climb downwards.
Welcome back to the Ecumenical Temple!
There is a staircase back to the Dungeon here.
You start resting.
Magic restored.
You start resting.
HP restored.
This spell is potentially lethal to cast!
Memorise Flame Wave, consuming 4 spell levels and leaving 2?
You start memorising the spell.
You continue memorising. x4
You finish memorising.
Spell assigned to 'c'.
You can't go down here!
You climb upwards.
Welcome back to the Dungeon!
There is a staircase to the Ecumenical Temple here.
Casting: Foxfire (safe; 4% risk of failure)
Confirm with . or Enter, or press ? or * to list all spells.
You conjure some foxfire!
Casting: Foxfire (safe; 4% risk of failure)
Confirm with . or Enter, or press ? or * to list all spells.
Flames lash the gnoll.
The gnoll is heavily wounded.
The gnoll's fire resistance burns away.
The foxfire hits the gnoll but does no damage.
The gnoll is heavily wounded.
The gnoll hits you from afar with a +0 vorpal spear!
Casting: Scorch (safe; 4% risk of failure)
Confirm with . or Enter, or press ? or * to list all spells.
You miscast Scorch.
You are very lightly contaminated with residual magic.
Nothing appears to happen.
The gnoll hits you from afar with a +0 vorpal spear.
* * * LOW HITPOINT WARNING * * *
x2 The gnoll hits you from afar with a +0 spear.
You die...

####.######.####.##### #.## #.#
#.# ####..# #.# #.#
......#####.####.##########.###
.......................g..g.)..
####..#####.####....###....g...
......#####.....)..## #........
####.....##...gP.P..# #........
#....g##...g.@...# #........
#........##.P.P..# #........
####.....##.##......# #......!.
...#.....##.##......# #........
.........##.##......###
...#........##.[......#
............###.......#
.###...###..###[..)...# .#
#...# #............#


You could see 2 gnolls.

Vanquished Creatures
  An ogre (D:3)
  An iguana (D:3)
  Terence (D:3)
  2 adders (D:3)
  2 gnolls (D:4)
  2 worms
  3 dart slugs
  3 orcs (D:4)
  3 endoplasms
  A giant cockroach (D:1)
  4 goblins
  2 hobgoblins
  8 jackals
  A quokka (D:3)
  4 ball pythons
  6 bats
  2 frilled lizards
  4 kobolds
  2 rats (D:1)
52 creatures vanquished.

Vanquished Creatures (collateral kills)
  A foxfire (D:4)
1 creature vanquished.

Vanquished Creatures (others)
  82 foxfires
  2 plants (D:1)
84 creatures vanquished.

Grand Total: 137 creatures vanquished

Notes
Turn   | Place    | Note
-------+----------+-------------------------------------------
     0 | D:1      | hawla the Felid Fire Elementalist began the quest for the
                  | Orb.
     0 | D:1      | Reached XP level 1. HP: 7/7 MP: 4/4
   358 | D:1      | Found a faded altar of an unknown god.
   364 | D:1      | Reached skill level 1 in Conjurations
   540 | D:1      | Reached XP level 2. HP: 4/11 MP: 1/6
   543 | D:1      | Learned a level 2 spell: Scorch
  1106 | D:1      | Got the Compendium of Beguiling and Illusion
  1816 | D:2      | Found Vucegyff's General Store.
  1888 | D:2      | Reached XP level 3. HP: 14/14 MP: 7/7
  2113 | D:3      | Noticed Terence
  2144 | D:3      | Killed Terence
  2211 | D:3      | Reached skill level 1 in Unarmed Combat
  2211 | D:3      | Reached XP level 4. HP: 18/18 MP: 4/8
  2670 | D:3      | Found a shimmering blue altar of Sif Muna.
  2822 | D:3      | Found a shadowy altar of Dithmenos.
  2927 | D:4      | Noticed an ogre
  3031 | D:3      | Killed an ogre
  3032 | D:3      | Reached XP level 5. HP: 15/21 MP: 3/10
  3260 | D:4      | Found a staircase to the Ecumenical Temple.
  3274 | Temple   | Entered the Ecumenical Temple
  3480 | D:4      | Found an ornate altar of the Wu Jian Council.
  3481 | D:4      | Found a stormy altar of Qazlal.
  3591 | D:4      | Noticed a steam dragon
  3597 | D:4      | Engulfed by a steam dragon's steam
  3598 | D:4      | Reached XP level 4. HP: -2/18 MP: 5/10
  3809 | Temple   | Learned a level 4 spell: Flame Wave
  3814 | D:4      | Slain by a gnoll

Illustrated notes

Levels and vault maps discovered:
D:1:      eino_arrival_tree_alley, layout_loops_ring,
          chequers_ecumenical_altar_simple_redux, serial_bayou_pond_e,
          hangedman_decor_points
D:2:      layout_basic, serial_shops, nicolae_shop_stone
D:3:      layout_basic, nicolae_sif_muna_little_library,
          overflow_temple_1_default, uniq_terence
D:4:      layout_basic, gammafunk_temple_overflow_statue,
          minmay_temple_entry_trees
Temple:   corrupted_temple

Skill      XL: |  1  2  3  4 |
---------------+-------------+-----
Stealth        | 3 |  3.8
Conjurations   | 1 |  1.6
Fire Magic     | 3 |  3.9
Dodging        | 3 |  3.1
Unarmed Combat | 1 2 |  2.1
Spellcasting   | 3 |  3.3
Fighting       | |  0.1

Action                   |  1- 3 |  4- 6 || total
-------------------------+-------+-------++-------
Melee: Unarmed           |    44 |    28 ||    72
       Bite              |     7 |     3 ||    10
       Punch             |       |     1 ||     1
 Cast: Foxfire           |    19 |    30 ||    49
       Scorch            |     8 |     8 ||    16
  Use: Scroll            |     3 |     1 ||     4
       Potion            |     4 |       ||     4
 Stab: Sleeping          |     3 |     4 ||     7
Armor: Skin              |     7 |     9 ||    16
Dodge: Dodged            |    46 |    34 ||    80
